 Dungeon Crawl Stone Soup version 0.29.0-4-gdea44cf6ec (webtiles) character file.

Game seed: 10130673490572153972

65 qw the Chopper (level 4, -3/26 HPs)
             Began as a Tengu Warper on Aug 28, 2022.
             Killed from afar by a white imp (8 damage)
             ... with a puff of frost
             ... summoned by Natasha
             ... on level 2 of the Dungeon.
             The game lasted 00:00:06 (1274 turns).

qw the Chopper (Tengu Warper)                       Turns: 1274, Time: 00:00:07

Health: -3/26      AC:  6    Str: 13    XL:     4   Next: 13%
Magic:  8/8        EV: 12    Int: 14    God:
Gold:   50         SH:  0    Dex: 13    Spells: 7/7 levels left

rFire   . . .      SeeInvis .   Y - +0 hand axe
rCold   . . .      Faith    .   (no shield)
rNeg    . . .      Spirit   .   b - +0 leather armour
rPois   .          Reflect  .   (helmet restricted)
rElec   .          Harm     .   d - +2 cloak
rCorr   .          Rampage  .   (no gloves)
Will    .....                   (boots unavailable)
Stlth   +.........              (no amulet)
HPRegen 0.08/turn               (no ring)
MPRegen 0.11/turn               (no ring)

@: no status effects
A: beak, talons 3
a: no special abilities


You were on level 2 of the Dungeon.
You visited 1 branch of the dungeon, and saw 2 of its levels.

You collected 50 gold pieces.


Innate Abilities, Weirdness & Mutations

You have a beak for a mouth.
You have claws for feet.


   Skills:
 - Level 2.0 Fighting
 + Level 4.7 Axes
 - Level 1.0 Throwing
 - Level 1.1 Armour
 - Level 2.1 Dodging
 - Level 2.0 Spellcasting
 - Level 2.4 Translocations


You had 7 spell levels left.
You didn't know any spells.
Your spell library contained the following spells:

 Spells                   Type           Power      Damage    Failure   Level
 Blink                    Tloc           16%        N/A       17%         2
 Gell's Gravitas          Tloc           8%         N/A       34%         3
 Lesser Beckoning         Tloc           8%         N/A       34%         3
 Teleport Other           Tloc           8%         N/A       34%         3
 Manifold Assault         Tloc           8%         N/A       97%         5

Inventory:

Hand Weapons
 h - a +0 whip
 Y - a +0 hand axe (weapon)
Armour
 a - a +2 robe of resistance
 b - a +0 leather armour (worn)
 d - a +2 cloak (worn)
Potions
 c - a potion of attraction {unknown}
 g - a potion of might {unknown}
 j - a potion of curing {unknown}

Dungeon Overview and Level Annotations

Branches:
Dungeon (2/15)

Altars:

Annotations:
D:2 Natasha


Message History

The worm is moderately wounded.
You hit the worm.
The worm is moderately wounded.
You hit the worm.
The worm is severely wounded.
The worm bites you.
You hit the worm. You claw the worm, but do no damage.
The worm is almost dead.
The worm bites you!
You hit the worm.
You kill the worm!
You start resting.
Natasha, Servant of Life and Death opens the door.
1268 ||| Stepping ~*~*~tactically~*~*~ (stealth).
Found a fuming clear potion.
You barely miss Natasha.
Natasha hisses angrily.
Natasha misses you.
You closely miss Natasha. You peck Natasha.
Natasha is lightly wounded.
Natasha closely misses you.
Natasha growls.
Natasha casts a spell.
You hit Natasha but do no damage. Your kick misses Natasha. You peck Natasha.
Natasha is moderately wounded.
Natasha claws you but does no damage.
You hit Natasha. Your peck misses Natasha.
Natasha is severely wounded.
You hit the white imp but do no damage. Natasha casts a spell at you.
The magic dart hits you. The white imp gestures at you.
The puff of frost hits you!
You hit Natasha. You claw Natasha, but do no damage.
Natasha is severely wounded.
You hit the white imp. Natasha barely misses you.
The white imp gestures at you. The puff of frost hits you!
You die...

... ##### ...
....# .... #....#
....! #....#
...$.#####....#
(.............#
.......5......#
......h@......+
#####'###.....#
########.# #.....#
#......#.# #.#####
#......#.# #.#
#......'.###.#
#......#.....#
#......#.#########
#......#.#........


You could see Natasha and a white imp (summoned).

Vanquished Creatures
  Natasha (D:2)
  A worm (D:2)
  3 dart slugs (D:1)
  An orc (D:2)
  3 bats
  2 endoplasms
  2 giant cockroaches
  4 goblins
  2 hobgoblins
  5 kobolds (D:1)
  A quokka (D:1)
  A frilled lizard (D:1)
  3 rats (D:1)
29 creatures vanquished.

Notes
Turn   | Place    | Note
-------+----------+-------------------------------------------
     0 | D:1      | qw the Tengu Warper began the quest for the Orb.
     0 | D:1      | Reached XP level 1. HP: 12/12 MP: 4/4
     0 | D:1      | 0 ||| qw: Version: 0.1-a-89-g26bdef1
     0 | D:1      | 0 ||| qw: Game counter: 158
     0 | D:1      | 0 ||| qw: Always use a shield: true
     0 | D:1      | 0 ||| qw: God list: Okawaru
     0 | D:1      | 0 ||| qw: Allow faded altars: false
     0 | D:1      | 0 ||| qw: Do Orc after D:15 true
     0 | D:1      | 0 ||| qw: Do second Lair branch before Depths: true
     0 | D:1      | 0 ||| qw: Lair rune preference: random
     0 | D:1      | 0 ||| qw: Plans: Normal
     0 | D:1      | 0 ||| PLANNING D:1-11
   110 | D:1      | Reached XP level 2. HP: 14/17 MP: 6/6
   185 | D:1      | 185 ||| Stepping ~*~*~tactically~*~*~ (stealth).
   187 | D:1      | 187 ||| Stepping ~*~*~tactically~*~*~ (stealth).
   194 | D:1      | Reached skill level 3 in Axes
   407 | D:1      | 407 ||| Stepping ~*~*~tactically~*~*~ (stealth).
   416 | D:1      | Reached XP level 3. HP: 21/21 MP: 7/7
   429 | D:1      | 429 ||| DROPPING +0 club.
   791 | D:1      | Found a faded altar of an unknown god.
   849 | D:1      | 849 ||| UPGRADING to +2 cloak.
   854 | D:1      | 854 ||| READING scroll labelled COSOUB AGUIHO.
   855 | D:1      | 855 ||| READING scroll labelled KAEGONWUNE.
   856 | D:1      | 856 ||| DROPPING scroll of blinking.
   984 | D:2      | 984 ||| Stepping ~*~*~tactically~*~*~ (stealth).
   989 | D:2      | Reached skill level 4 in Axes
  1020 | D:2      | Noticed Natasha
  1021 | D:2      | 1021 ||| Stepping ~*~*~tactically~*~*~ (hiding).
  1022 | D:2      | 1022 ||| Stepping ~*~*~tactically~*~*~ (hiding).
  1029 | D:2      | Killed Natasha
  1030 | D:2      | Reached XP level 4. HP: 10/26 MP: 8/8
  1268 | D:2      | Noticed Natasha
  1268 | D:2      | 1268 ||| Stepping ~*~*~tactically~*~*~ (stealth).
  1273 | D:2      | HP: 5/26 [white imp/puff of frost[Natasha] (7)]
  1274 | D:2      | Killed from afar by a white imp

Levels and vault maps discovered:
D:1:      tarquinn_simple_flora_water_e, layout_basic,
          ebering_ecumenical_altar_mist, nrook_campfire
D:2:      layout_basic, uniq_natasha, uniq_crazy_yiuf_cottage

Skill      XL: |  1  2  3 |
---------------+----------+-----
Axes           | 3 4 |  4.7
Fighting       | |  2.0
Throwing       | |  1.0
Armour         | |  1.1
Dodging        | |  2.1
Spellcasting   | |  2.0
Translocations | |  2.4

Action                   |  1- 3 |  4- 6 || total
-------------------------+-------+-------++-------
Melee: Hand axe          |    41 |     9 ||    50
       Kick              |     8 |     2 ||    10
       Peck              |     6 |     2 ||     8
       Punch             |     1 |       ||     1
Throw: Boomerang         |     7 |       ||     7
       Javelin           |    12 |     1 ||    13
  Use: Scroll            |     2 |       ||     2
Armor: Leather armour    |    19 |     1 ||    20
Dodge: Dodged            |    18 |     3 ||    21

Table legend:
 A = Non-vault XP
 B = Vault XP
 C = Vault XP percentage of total XP
 D = Non-vault monster count
 E = Vault monster count
 F = Vault count percentage of total count
                 A         B        C        D         E       F
            +---------+---------+-------+---------+---------+-------
      Total |      58 |      35 |  37.6 |      28 |       1 |   3.4
            +---------+---------+-------+---------+---------+-------
        D:1 |      40 |       0 |   0.0 |      21 |       0 |   0.0
        D:2 |      18 |      35 |  66.0 |       7 |       1 |  12.5
            +---------+---------+-------+---------+---------+-------
